 Dungeon Crawl Stone Soup version 0.20.0-8-g6b59dc7 (webtiles) character file.

382 JeffiDaFish the Shield-Bearer (level 6, 0/38 HPs)
             Began as a Gargoyle Fighter on May 31, 2017.
             Slain by an ogre
             ... wielding a +0 giant club
              (17 damage)
             ... on level 4 of the Dungeon.
             The game lasted 00:05:57 (3498 turns).

JeffiDaFish the Shield-Bearer (Gargoyle Fighter)    Turns: 3498, Time: 00:05:58

Health: 0/38       AC: 17    Str: 19    XL:     6   Next: 76%
Magic:  6/6        EV:  3    Int:  9    God:
Gold:   113        SH: 10    Dex: 11    Spells: 5/5 levels left

rFire    . . .     SeeInvis .   l - +0 whip (elec)
rCold    . . .     Gourm    .   c - +0 shield
rNeg     + . .     Faith    .   j - +0 plate armour
rPois    ∞         Spirit   .   e - +0 helmet
rElec    +         Reflect  .   (no cloak)
rCorr    .         Harm     .   (no gloves)
MR       .....                  (no boots)
Stlth    ..........             (no amulet)
Regen    0.2/turn               (no ring)
MPRegen  0.1/turn               (no ring)

@: no status effects
A: negative energy resistance 1, electricity resistance, unbreathing,
petrification resistance, rot immunity, AC +4
a: no special abilities


You were on level 4 of the Dungeon.
You were hungry.

You visited 1 branch of the dungeon, and saw 4 of its levels.

You collected 113 gold pieces.

Inventory:

Hand Weapons
 l - a +0 whip of electrocution (weapon)
Armour
 c - a +0 shield (worn)
 e - a +0 helmet (worn)
 j - a +0 plate armour (worn)
Scrolls
 g - 2 scrolls of recharging
 k - a scroll of identify
Comestibles
 f - 3 bread rations
 h - 3 royal jellies
 i - 3 meat rations


   Skills:
 + Level 3.8 Fighting
 + Level 4.6 Maces & Flails
 + Level 4.2 Armour
 + Level 0.1 Dodging
 + Level 5.4 Shields


You had 5 spell levels left.
You didn't know any spells.

Dungeon Overview and Level Annotations

Branches:
Dungeon (4/15)
 Temple: D:4-7

Altars:
Ashenzari
Elyvilon
Hepliaklqana
Ru

Shops:
D:4 (


Innate Abilities, Weirdness & Mutations

You are resistant to torment.
Your stone body is resilient. (AC +4)
You are immune to poison.
You resist negative energy. (rN+)
You are resistant to electric shocks. (rElec)
You can survive without breathing.
You are immune to petrification.
You are immune to rotting.


Message History

The ogre hits you but does no damage.
You hit the ogre.
The ogre is heavily wounded.
Your plate armour prevents you from hitting the ogre.
The ogre is heavily wounded.
The ogre hits you with a giant club!
You hit the ogre but do no damage.
The ogre is heavily wounded.
The ogre hits you with a giant club!
* * * LOW HITPOINT WARNING * * *
You aren't carrying any potions.
The ogre hits you with a giant club.
* * * LOW HITPOINT WARNING * * *
You see here a potion of heal wounds.
a - a potion of heal wounds You feel much better.
The ogre hits you with a giant club!
You barely miss the ogre.
The ogre is heavily wounded.
The ogre hits you with a giant club!
You die...

###.#.#.##.# ### .
.....#.##.# ###.) #. ...
..##.#### #.#.. ##.# #.#
## #.##.###.#..
###...##.######.#...##.'##
..../.....................
###....<..#####.#...####..
##.>##O.# ##.#.....# ##.
##.#..@# #.###.##.# ## #
#.#.# ##.#..##.# # .....#
#..#.##.# ###.###
#.##.##[# #. #.......#####
#. ####.###..... #.#
#.##.# #.# #.#.#.
#.###..###


You could see an ogre.

Vanquished Creatures
  An ogre (D:4)
  A hound (D:4)
  An orc priest (D:3)
  An orc wizard (D:4)
  A centaur skeleton (D:4)
  7 adders
  2 oozes
  An adder skeleton (D:4)
  2 worms (D:2)
  4 dart slugs
  4 leopard geckos
  9 orcs
  2 ball pythons
  4 goblins
  7 hobgoblins
  7 jackals
  4 kobolds
  4 quokkas
  11 bats
  8 frilled lizards
  13 rats
94 creatures vanquished.

Vanquished Creatures (others)
  4 toadstools (D:1)
4 creatures vanquished.

Grand Total: 98 creatures vanquished

Notes
Turn   | Place    | Note
-------+----------+-------------------------------------------
     0 | D:1      | JeffiDaFish the Gargoyle Fighter began the quest for the Orb.
     0 | D:1      | Reached XP level 1. HP: 14/14 MP: 1/1
   135 | D:1      | Reached XP level 2. HP: 19/19 MP: 2/2
   550 | D:1      | Reached XP level 3. HP: 23/23 MP: 3/3
   758 | D:2      | Found a hazy altar of Hepliaklqana.
   952 | D:2      | Found a shattered altar of Ashenzari.
  1277 | D:2      | Reached skill level 4 in Shields
  1339 | D:2      | Reached XP level 4. HP: 28/28 MP: 4/4
  1981 | D:2      | Reached XP level 5. HP: 26/33 MP: 5/5
  2637 | D:3      | Reached skill level 5 in Shields
  2771 | D:4      | Reached XP level 6. HP: 38/38 MP: 6/6
  2845 | D:4      | Found Duaguuto's Antique Weapon Emporium.
  2914 | D:4      | Found a white marble altar of Elyvilon.
  2982 | D:4      | Found a sacrificial altar of Ru.
  3498 | D:4      | Slain by an ogre

Skill      XL: |  1  2  3  4  5  6 |
---------------+-------------------+-----
Shields        | 4 5 |  5.4
Armour         | 4 |  4.2
Maces & Flails | 3 4 |  4.6
Fighting       | |  3.8
Dodging        | |  0.1

Action                   |  1- 3 |  4- 6 || total
-------------------------+-------+-------++-------
Melee: Flail             |   181 |   295 ||   476
       Whip              |       |    38 ||    38
  Use: Scroll            |     4 |     1 ||     5
       Potion            |     1 |     5 ||     6
 Stab: Paralysed         |       |     1 ||     1
  Eat: Chunk             |     2 |     7 ||     9
Armor: Scale mail        |    83 |       ||    83
       Plate armour      |    32 |   380 ||   412
Dodge: Dodged            |    51 |    65 ||   116
Block: Shield            |   105 |   246 ||   351
